 Dungeon Crawl Stone Soup version 0.17.2 (webtiles) character file.

276 Goblin1989 the Chopper (level 6, -6/43 HPs)
             Began as a Demonspawn Wanderer on July 9, 2016.
             Mangled by an ogre
             ... wielding a +0 giant club
              (11 damage)
             ... on level 3 of the Dungeon.
             The game lasted 00:06:30 (3222 turns).

Goblin1989 the Chopper (Demonspawn Wanderer)        Turns: 3222, Time: 00:06:31

Health: -6/43      AC:  8    Str: 15    XL:     6   Next: 4%
Magic:  6/6        EV:  4    Int: 12    God:
Gold:   187        SH:  0    Dex: 13    Spells: 0 memorised, 5 levels left

rFire  . . .     SeeInvis .     b - +0 hand axe
rCold  . . .     Clarity  .     a - +2 scale mail
rNeg   . . .     SustAt   .     (no shield)
rPois  .         Gourm    .     (no helmet)
rElec  .         Spirit   .     (no cloak)
rCorr  .         Warding  .     (no gloves)
rMut   .         Stasis   .     (no boots)
MR     .....                    (no amulet)
Stlth  ..........               (no ring)
                                (no ring)

@: not resistant to hostile enchantments, extremely unstealthy
A: hooves 2, rot immunity
a: no special abilities


You were on level 3 of the Dungeon.
You were not hungry.

You visited 1 branch of the dungeon, and saw 3 of its levels.

You collected 187 gold pieces.

Inventory:

Hand Weapons
 b - a +0 hand axe (weapon)
 o - a +1 hunting sling of flaming
Missiles
 q - 77 stones (quivered)
 s - 20 sling bullets
Armour
 a - a +2 scale mail (worn)
Jewellery
 m - an uncursed ring of see invisible {unknown}
 t - an uncursed ring of protection from fire {unknown}
Scrolls
 e - a scroll of enchant weapon {unknown}
 g - a scroll of amnesia {unknown}
 h - 2 scrolls of identify {unknown}
 i - a scroll of random uselessness {unknown}
 j - 3 scrolls of immolation {unknown}
 k - 3 scrolls of remove curse {unknown}
 l - 2 scrolls of blinking {unknown}
 p - a scroll of recharging {unknown}
Potions
 c - 2 potions of lignification
 n - a potion of cancellation {unknown}
 r - a potion of degeneration {unknown}
Comestibles
 d - 2 bread rations
 f - 3 fruits


   Skills:
 - Level 1.0 Fighting
 + Level 5.8 Axes
 - Level 1.0 Throwing
 - Level 1.7 Armour
   Level 1.0 Shields
   Level 2.0 Conjurations
   Level 1.0 Transmutations


You had 5 spell levels left.
You didn't know any spells.

Dungeon Overview and Level Annotations

Branches:
Dungeon (3/15)

Altars:


Innate Abilities, Weirdness & Mutations

You have hoof-like feet.
You are immune to rotting.


Message History

You are too injured to fight recklessly!
You are too injured to fight recklessly!
You are too injured to fight recklessly!
You are too injured to fight recklessly!
You are too injured to fight recklessly!
You are too injured to fight recklessly!
You are too injured to fight recklessly!
You are too injured to fight recklessly!
You are too injured to fight recklessly!
You are too injured to fight recklessly!
You are too injured to fight recklessly!
You hit the ogre. The ogre hits you with a giant club.
You take 6 damage, and have 14/43 hp.
You hit the ogre but do no damage. Your kick misses the ogre.
The ogre hits you with a giant club!
* * * LOW HITPOINT WARNING * * *
You take 12 damage, and have 2/43 hp.
MASSIVE DAMAGE!!
There is a stone staircase leading up here.
The ogre hits you with a giant club!
You die...

.#.#.#.#.#.#.#.#.#.#.# #....##
#.#.#.#.#.#.#.#.#.#.## #......
.#.#.#.#.#.#.#.#.#.#.# #....##
#.#.#.#o#.#.#.#.#.#.## #....##
.#.#.#.#.#.#.#+#.#.#.# #....#
#.#.#.#.#.#.#.....#.## #....#
.#.#.#.#.#.#+....#.#.######....#
#.#.#.#.#.#.#.....#.##.........#
.#.#.#.#.#.#.#+#@#.#..........##
#.#.#.#.#.#.#.#.#O#.#.........#
.#.#.#.#.#.#.#.#.#)#.##.##....#
#.#.#.#.#.#.#.#.#.#)###+#######
.#.#.#.#.#.#)#.#.#.#.......
#.#.#.#.#.#.#.#.#.#'.......
.#.#.#.#.#.#.#.#.#.#.......
#.#.#.#.#.#.#.#.#.#+.......
.#.#.#.#.#.#.#.#.#.#.......


You could see an ogre.

Vanquished Creatures
  An ice beast (D:2)
  An orc priest (D:3)
  An orc wizard (D:3)
  3 gnolls (D:3)
  6 adders
  A worm (D:3)
  2 giant geckos (D:1)
  2 orcs (D:3)
  2 giant cockroaches
  5 hobgoblins
  5 jackals
  3 bats
  2 giant newts
  5 goblins
  5 kobolds
  8 rats
52 creatures vanquished.

Notes
Turn   | Place    | Note
--------------------------------------------------------------
     0 | D:1      | Goblin1989 the Demonspawn Wanderer began the quest for the Orb.
     0 | D:1      | Goblin1989 set off with: a +2 scale mail, a +0 hand axe, a potion of lignification, a bread ration
     0 | D:1      | Reached XP level 1. HP: 15/15 MP: 1/1
   110 | D:1      | Gained mutation: You have large cloven feet. [demonic ancestry]
   110 | D:1      | Reached XP level 2. HP: 4/21 MP: 2/2
   614 | D:1      | Reached skill level 3 in Axes
   815 | D:2      | Reached XP level 3. HP: 16/26 MP: 3/3
  1765 | D:2      | Reached skill level 4 in Axes
  1765 | D:2      | Gained mutation: You have hoof-like feet. [demonic ancestry]
  1765 | D:2      | Reached XP level 4. HP: 25/32 MP: 4/4
  1796 | D:2      | Noticed an ice beast
  2050 | D:2      | Killed an ice beast
  2050 | D:2      | Reached skill level 5 in Axes
  2050 | D:2      | Gained mutation: You are immune to rotting. [demonic ancestry]
  2050 | D:2      | Reached XP level 5. HP: 26/37 MP: 5/5
  3080 | D:3      | Reached XP level 6. HP: 29/43 MP: 6/6
  3197 | D:3      | Noticed an ogre
  3202 | D:3      | HP: 2/43 [ogre/giant club (12)]
  3222 | D:3      | Mangled by an ogre

Action                   |  1- 3 |  4- 6 || total
-------------------------+-------+-------++-------
Melee: Hand axe          |   149 |   114 ||   263
  Eat: Meat ration       |     1 |       ||     1
       Chunk             |       |     3 ||     3
